 Dungeon Crawl Stone Soup version 0.27.0-1-g7a089689b8 (webtiles) character file.

Game seed: 3313051850816446312

69 ChuckMortician the Firebug (level 4, -3/36 HPs)
             Began as a Draconian Fire Elementalist on Aug 15, 2021.
             Killed from afar by a steam dragon (17 damage)
             ... with a ball of steam
             ... on level 3 of the Dungeon.
             The game lasted 00:16:09 (3163 turns).

ChuckMortician the Firebug (DrFE)                   Turns: 3163, Time: 00:16:09

Health: -3/36      AC:  5    Str: 10    XL:     4   Next: 2%
Magic:  3/7        EV: 12    Int: 17    God:
Gold:   81         SH:  0    Dex: 11    Spells: 7/8 levels left

rFire    . . .     SeeInvis .   a - +0 dagger
rCold    . . .     Faith    .   (no shield)
rNeg     . . .     Spirit   .   (armour unavailable)
rPois    .         Reflect  .   (helmet restricted)
rElec    .         Harm     .   d - scarf {shadows}
rCorr    .         Rampage  .   (no gloves)
Will     .....                  (no boots)
Stlth    ++........             (no amulet)
HPRegen  0.12/turn              (no ring)
MPRegen  0.10/turn              (no ring)

@: brilliant, weak-willed
A: AC +5, unfitting armour, cold-blooded
a: no special abilities


You were on level 3 of the Dungeon.
You visited 1 branch of the dungeon, and saw 3 of its levels.

You collected 81 gold pieces.

Inventory:

Hand Weapons
 a - a +0 dagger (weapon)
Armour
 d - a scarf of shadows (worn)
Scrolls
 c - a scroll of fog
Potions
 g - a potion of curing


   Skills:
 + Level 1.7 Fighting
 - Level 2.0 Dodging
 - Level 1.7 Stealth
 + Level 2.6 Spellcasting
 + Level 2.0 Conjurations
 + Level 3.4 Fire Magic


You had 7 spell levels left.
You knew the following spells:

 Your Spells              Type           Power      Damage    Failure   Level
a - Foxfire               Conj/Fire      68%        2x1d7     6%          1

Your spell library contained the following spells:

 Spells                   Type           Power      Damage    Failure   Level
 Conjure Flame            Conj/Fire      17%        6-21      17%         3
 Animate Skeleton         Necr           6%         N/A       19%         1
 Pain                     Necr           12%        1d4       19%         1
 Inner Flame              Hex/Fire       12%        N/A       26%         3
 Vampiric Draining        Necr           1%         2d6       50%         3
 Sticky Flame             Conj/Fire      17%        2d4       50%         4
 Fireball                 Conj/Fire      8%         3d6       85%         5


Dungeon Overview and Level Annotations

Branches:
Dungeon (3/15)

Altars:

Shops:
D:2 *


Innate Abilities, Weirdness & Mutations

Your plain brown scales are hard. (AC +5)
You cannot fit into any form of body armour.
You are cold-blooded and may be slowed by cold attacks.


Message History

You conjure some foxfire!
Your foxfire dissipates!
The foxfire hits the steam dragon.
The steam dragon is lightly wounded.
The steam dragon breathes steam at you. The ball of steam hits you!
As you read the scroll labelled NESUER BEONOC, it crumbles to dust.
The scroll dissolves into smoke.
It was a scroll of fog.
Really walk into that cloud of steam?
Okay, then.
Casting: Foxfire (safe; 6% risk of failure)
Confirm with . or Enter, or press ? or * to list all spells.
You conjure some foxfire!
The foxfire hits the steam dragon but does no damage.
The steam dragon is lightly wounded.
Really walk into that cloud of steam?
Okay, then.
As you read the scroll labelled YGONGUF JETORGH, it crumbles to dust.
You feel aware of your surroundings.
It was a scroll of magic mapping.
Unknown command.
Unknown command.
It was a potion of curing.
You feel better.
The steam dragon bites you but does no damage.
The steam dragon claws you.
It was a potion of brilliance.
You feel clever all of a sudden. The steam dragon bites you!
The steam dragon claws you but does no damage.
As you read the scroll labelled GAGEEC DEEB, it crumbles to dust.
Magic quickly surges around you.
It was a scroll of vulnerability.
The steam dragon bites you but does no damage.
The steam dragon barely misses you.
As you read the scroll labelled BIUGUK SIFIAVI, it crumbles to dust.
It is a scroll of identify.
You don't have any unidentified items.
The steam dragon barely misses you. The steam dragon misses you.
Your foxfire dissipates!
The steam dragon breathes steam at you. The ball of steam hits you!
You die...

,..# *,* *,#......... ,#.# *,*
*,#.#.......
,#.##############*,***...........
##...§.§........#*,>,....#.......
...############.#****#####.......
#### #.# #....... * #D# *#.).....
* ####§### #........ * #....@.#
#...###.# * #.##.#.# #...####.
####### #.#....# #........
#.....# #.#....#######...####.
#.....###.#....##............#
#...........................##
#.....###.#..####............#
#.....# #.#..# ####.#....###.
####### #.#..# #.#........


You could see a steam dragon (catching breath, weak-willed).

Vanquished Creatures
  2 adders
  An adder zombie (D:2)
  An adder skeleton (D:2)
  A dart slug (D:3)
  An orc (D:3)
  4 ball pythons
  4 bats
  A bat skeleton (D:2)
  A bat zombie (D:2)
  2 endoplasms (D:1)
  4 goblins
  3 hobgoblins
  2 quokkas
  A ball python zombie (D:2)
  A frilled lizard (D:1)
  A jackal skeleton (D:2)
  A jackal zombie (D:2)
  3 kobolds
  A quokka skeleton (D:2)
  5 rats
40 creatures vanquished.

Vanquished Creatures (collateral kills)
  A foxfire (D:2)
1 creature vanquished.

Vanquished Creatures (others)
  A hobgoblin (D:3)
  153 foxfires
154 creatures vanquished.

Grand Total: 195 creatures vanquished

Notes
Turn   | Place    | Note
-------+----------+-------------------------------------------
     0 | D:1      | ChuckMortician the Draconian Fire Elementalist began the
                  | quest for the Orb.
     0 | D:1      | Reached XP level 1. HP: 14/14 MP: 3/3
   247 | D:1      | Found a faded altar of an unknown god.
   440 | D:1      | Reached XP level 2. HP: 22/22 MP: 0/5
  1037 | D:2      | Found Atil's Assorted Antiques.
  1398 | D:2      | Reached skill level 1 in Fighting
  1485 | D:2      | Reached XP level 3. HP: 28/28 MP: 2/6
  3131 | D:3      | Noticed a steam dragon
  3134 | D:3      | Reached XP level 4. HP: 36/36 MP: 4/7
  3163 | D:3      | Killed from afar by a steam dragon

Illustrated notes

Levels and vault maps discovered:
D:1:      nicolae_arrival_memento_mori, layout_basic,
          hellmonk_ecumenical_altar_run_dry, hex_intersection
D:2:      layout_basic, serial_undead, serial_undead_c, serial_undead_e,
          serial_undead_a, serial_undead_d, serial_undead_d, serial_undead_f,
          serial_shops, nicolae_shop_crystal
D:3:      minmay_roachtagon, layout_loops_cross, chequers_serial_rivers_marsh,
          corexii_hall_statues_u, st_stairs_3

Skill      XL: |  1  2  3 |
---------------+----------+-----
Dodging        | 2 |  2.0
Fighting       | 1 |  1.7
Conjurations   | 2 |  2.0
Stealth        | |  1.7
Spellcasting   | |  2.6
Fire Magic     | |  3.4

Action                   |  1- 3 |  4- 6 || total
-------------------------+-------+-------++-------
Melee: Dagger            |    23 |       ||    23
       Tailslap          |     2 |       ||     2
 Cast: Foxfire           |   109 |     4 ||   113
  Use: Scroll            |       |     4 ||     4
       Potion            |       |     2 ||     2
Armor: Skin              |    25 |     4 ||    29
Dodge: Dodged            |    30 |     4 ||    34
